AoeStats
← Snobyman

Nomad

509528193Analyzed
4v4 RM · 6d ago on Sep 27, 2026· 39m 58s· 8 players
Game mode
Random Map
Map size
231×231
Population
200
Speed
Normal
Resources
Standard
Victory
Conquest
Starting age
Dark Age
Ending age
Imperial Age
RankedLock teamsTeams togetherTeam positionsShared explorationLock speedFull tech treeHidden civsTurbo modeCheats
Victory
Defeat
🇨🇳 Magyars · China
796
+5
🇨🇳 Malay · China
740
+6
🇺🇸 Koreans · United States
716
+7
🇧🇷 Armenians · Brazil
702
+7
🇨🇱 Vikings · Chile
569
-9
🇳🇿 Varangians · New Zealand
530
-7
🇦🇺 Saxons · Australia
442
-5
🇧🇴 Georgians · Bolivia
400
-4
Snobyman
4:15 Loom
18:50 Feudal Age
19:40 Double-Bit Axe
19:42 Horse Collar
19:57 Gold Mining
20:02 Stone Mining
22:53 Wheelbarrow
rodrigooboeponce
3:43 Loom
19:59 Feudal Age
21:50 Double-Bit Axe
21:48 Horse Collar
22:03 Gold Mining
22:05 Stone Mining
26:49 Forging
26:39 Scale Mail Armor
29:13 Castle Age
28:59 Padded Archer Armor
28:52 Fletching
30:12 Pikeman
30:53 Squires
30:39 Arson
32:33 Chain Mail Armor
32:53 Iron Casting
33:33 Bow Saw
33:27 Heavy Plow
37:31 Leather Archer Armor
37:12 Bodkin Arrow
Lag
15:43 Feudal Age
23:29 Castle Age
21:23 Loom
22:18 Horse Collar
24:09 Double-Bit Axe
26:33 Heavy Plow
El Messias
5:15 Loom
25:23 Feudal Age
26:11 Double-Bit Axe
Forsaken__King
15:06 Loom
17:41 Feudal Age
18:13 Double-Bit Axe
18:11 Fishing Lines
19:14 Wheelbarrow
22:59 Stone Mining
23:01 Gold Mining
29:36 Arson
29:43 Fletching
29:54 Scale Mail Armor
31:59 Castle Age
29:45 Town Watch
31:16 Forging
31:24 Man-at-Arms
32:05 Pikeman
32:09 Long Swordsman
32:13 Crossbowman
33:02 Thumb Ring
32:55 Bodkin Arrow
33:47 Gillnets
34:10 Bow Saw
33:43 Horse Collar
34:40 Gold Shaft Mining
34:41 Stone Shaft Mining
35:53 Heavy Plow
36:12 Chain Mail Armor
37:07 Hand Cart
36:53 Town Patrol
36:56 Eupseong
41:51 Imperial Age
39:43 Fortified Wall
爆脆星星堡
9:11 Loom
18:26 Feudal Age
19:10 Double-Bit Axe
21:03 Gold Mining
31:12 Scale Barding Armor
36:59 Man-at-Arms
chentao_1209
15:27 Feudal Age
17:11 Loom
21:04 Castle Age
19:43 Double-Bit Axe
22:43 Wheelbarrow
21:58 Horse Collar
27:03 Hand Cart
28:10 Heavy Plow
29:26 Bow Saw
33:10 Ballistics
35:28 Imperial Age
34:02 Thumb Ring
36:21 Recurve Bow
37:01 Parthian Tactics
36:53 Padded Archer Armor
36:44 Fletching
37:05 Heavy Cavalry Archer
38:34 Treadmill Crane
40:35 Chemistry
39:37 Gold Mining
40:50 Two-Man Saw
39:58 Bodkin Arrow
40:10 Scale Barding Armor
Capitian
3:59 Loom
15:25 Feudal Age
15:53 Double-Bit Axe
16:10 Fishing Lines
17:39 Wheelbarrow
18:11 Horse Collar
23:18 Castle Age
23:44 Bloodlines
23:43 Scale Barding Armor
23:51 Forging
24:11 Gillnets
25:16 Bow Saw
25:01 Gold Mining
25:06 Stone Mining
25:41 Husbandry
26:40 Hand Cart
27:23 Town Watch
28:17 Heavy Plow
37:16 Imperial Age
35:19 Chain Barding Armor
35:35 Iron Casting
37:24 Scale Mail Armor
37:14 Fletching
37:39 Town Patrol
38:22 Gold Shaft Mining
37:42 Treadmill Crane
39:04 Chemistry
37:31 Cavalier
37:34 Pikeman
38:15 Squires
38:00 Gambesons
38:01 Arson
39:18 Blast Furnace
38:33 Chain Mail Armor
38:19 Padded Archer Armor
38:58 Bodkin Arrow
38:26 Man-at-Arms
Connection lost

Rejoining the realm…

Still unreachable

The connection could not be restored.

Session expired

The server has moved on; the page needs a fresh start.